[ AOE2 MATCH · #484469033 ]
UnrankedChinese vs Ethiopians
[ REPLAY ANALYSIS · EXTRACTED FROM THE RECORDED GAME ]
Feudal
—
Castle
—
Imperial
—
| APM avg | 43.2 |
| APM peak | 110 |
| eAPM avg | 14.6 |
| Villagers / military | 42 / 28 |
Focus
⚔️ 17.3% · 🌾 82.7%
Archer ×11 · Spearman ×8 · Skirmisher ×5 · Chu Ko Nu ×4
Feudal
—
Castle
—
Imperial
—
| APM avg | 31.9 |
| APM peak | 86 |
| eAPM avg | 15.9 |
| Villagers / military | 43 / 46 |
Focus
⚔️ 16.4% · 🌾 83.6%
Shotel Warrior ×25 · Spearman ×10 · Archer ×4 · Camel Scout ×3 · Battering Ram ×2 · Scout Cavalry ×2
Feudal
—
Castle
—
Imperial
—
| APM avg | 33.8 |
| APM peak | 62 |
| eAPM avg | 12.6 |
| Villagers / military | 53 / 14 |
Focus
⚔️ 14.7% · 🌾 85.3%
Scout Cavalry ×8 · Archer ×6
Feudal
—
Castle
—
Imperial
—
| APM avg | 17.4 |
| APM peak | 44 |
| eAPM avg | 7.2 |
| Villagers / military | 35 / 12 |
Focus
⚔️ 18.1% · 🌾 81.9%
Militia ×12
Match map
Initial resources + every placement click. Lines = walls · curves = elevation contours. ◆ gold · ⬟ stone · ● berries · ✦ relic · ◌ wall gap
Your base· Open — unwalled flank
Fher8134's base· Open — unwalled flank
pikuino's base· Open — unwalled flank
Espejovsky's base· Open — unwalled flank
Smoothed initial terrain · ◌ = detected wall gap · hover for details
Inputs per minute
— Nicolas Higuera - - Fher8134
Build order — Nicolas Higuera
76 actions detected in the replay
| 0:01 | Research | Loom |
| 0:42 | Create | Villager (Male) |
| 1:14 | Build | Lumber Camp |
| 1:19 | Create | Villager (Male) |
| 1:48 | Build | House |
| 1:51 | Build | House |
| 2:01 | Create | Villager (Male) |
| 2:25 | Create | Villager (Male) |
| 2:43 | Create | Villager (Male) |
| 3:26 | Create | Villager (Male) ×2 |
| 4:16 | Create | Villager (Male) ×3 |
| 4:36 | Create | Villager (Male) |
| 4:54 | Build | Mill |
| 5:58 | Create | Villager (Male) |
| 5:58 | Create | Villager (Male) |
| 7:03 | Research | Feudal Age |
| 7:36 | Build | House |
| 7:37 | Build | House |
| 7:38 | Build | House |
| 7:39 | Build | House |
| 7:43 | Build | Mill |
| 9:03 | Build | Mining Camp |
| 9:08 | Create | Villager (Male) ×5 |
| 9:59 | Build | Barracks |
| 11:00 | Build | House |
| 11:16 | Create | Spearman |
| 11:32 | Build | Archery Range |
| 11:36 | Create | Spearman |
| 11:36 | Create | Spearman |
| 11:37 | Create | Villager (Male) ×4 |
| 12:29 | Build | Market |
| 12:40 | Create | Archer ×3 |
| 13:42 | Create | Villager (Male) ×2 |
| 13:48 | Build | Farm |
| 13:48 | Build | Farm |
| 13:49 | Build | Farm |
| 13:50 | Build | Farm |
| 13:57 | Build | Farm |
| 13:57 | Build | Farm |
| 13:58 | Build | Farm |
| 14:18 | Build | Farm |
| 14:19 | Build | Farm |
| 14:35 | Create | Villager (Male) |
| 14:35 | Create | Villager (Male) |
| 14:35 | Create | Villager (Male) |
| 14:50 | Create | Archer ×4 |
| 15:50 | Create | Villager (Male) ×5 |
| 16:41 | Build | Farm |
| 16:41 | Build | Farm |
| 16:42 | Build | Farm |
| 16:42 | Build | Farm |
| 16:43 | Build | Farm |
| 16:44 | Build | Farm |
| 16:44 | Build | Farm |
| 18:52 | Research | Castle Age |
| 19:12 | Build | Farm |
| 19:12 | Build | Farm |
| 19:13 | Build | Farm |
| 19:13 | Build | Farm |
| 19:14 | Build | Farm |
| 19:15 | Build | Farm |
| 19:34 | Build | Mining Camp |
| 20:36 | Create | Spearman ×5 |
| 20:40 | Create | Skirmisher ×5 |
| 21:08 | Build | House |
| 21:26 | Create | Villager (Male) ×5 |
| 21:33 | Build | House |
| 22:23 | Research | Pikeman (upgrade) |
| 22:24 | Research | Squires |
| 24:28 | Build | Castle |
| 24:33 | Build | House |
| 24:36 | Build | House |
| 25:05 | Create | Archer ×4 |
| 29:04 | Create | Villager (Male) ×5 |
| 30:10 | Create | Chu Ko Nu ×4 |
| 30:34 | Build | Blacksmith |
Build order — Fher8134
First 150 of 174 actions detected
| 0:06 | Build | House |
| 0:10 | Build | House |
| 0:12 | Create | Villager (Male) |
| 0:12 | Create | Villager (Male) |
| 0:12 | Create | Villager (Male) |
| 0:12 | Create | Villager (Male) |
| 1:41 | Create | Villager (Male) |
| 2:02 | Build | Lumber Camp |
| 2:28 | Create | Villager (Male) |
| 2:57 | Create | Villager (Male) |
| 3:36 | Create | Villager (Male) |
| 3:37 | Create | Villager (Male) |
| 3:48 | Research | Loom |
| 4:07 | Build | House |
| 4:53 | Create | Villager (Male) |
| 4:53 | Create | Villager (Male) |
| 5:05 | Build | Mill |
| 5:51 | Create | Villager (Male) |
| 5:51 | Create | Villager (Male) |
| 6:48 | Create | Villager (Male) |
| 6:48 | Create | Villager (Male) |
| 6:48 | Create | Villager (Male) |
| 7:24 | Build | House |
| 7:26 | Create | Villager (Male) |
| 8:13 | Create | Villager (Male) |
| 9:26 | Build | Mill |
| 9:40 | Research | Feudal Age |
| 10:54 | Build | Barracks |
| 11:51 | Create | Villager (Male) |
| 11:51 | Create | Villager (Male) |
| 11:52 | Create | Villager (Male) |
| 11:52 | Create | Villager (Male) |
| 12:06 | Research | Double-Bit Axe |
| 12:18 | Build | House |
| 12:24 | Build | House |
| 12:28 | Create | Spearman |
| 12:29 | Create | Spearman |
| 12:29 | Create | Spearman |
| 12:29 | Create | Spearman |
| 12:42 | Build | Farm |
| 12:49 | Build | Farm |
| 12:51 | Build | Farm |
| 12:57 | Build | Mining Camp |
| 13:18 | Build | Farm |
| 13:21 | Build | Farm |
| 13:23 | Build | Farm |
| 13:47 | Build | House |
| 13:49 | Create | Villager (Male) |
| 13:50 | Create | Villager (Male) |
| 14:18 | Build | Blacksmith |
| 14:26 | Create | Villager (Male) |
| 14:45 | Build | Mining Camp |
| 14:47 | Create | Villager (Male) |
| 14:59 | Create | Villager (Male) |
| 15:40 | Build | Farm |
| 15:42 | Create | Villager (Male) |
| 15:42 | Create | Villager (Male) |
| 16:24 | Build | Stable |
| 16:50 | Build | Farm |
| 16:56 | Create | Villager (Male) |
| 16:56 | Create | Villager (Male) |
| 16:56 | Create | Villager (Male) |
| 17:57 | Research | Castle Age |
| 18:09 | Create | Spearman |
| 19:09 | Build | Archery Range |
| 20:00 | Research | Horse Collar |
| 20:07 | Research | Gold Mining |
| 20:22 | Create | Archer |
| 20:22 | Create | Archer |
| 20:22 | Create | Archer |
| 20:23 | Create | Archer |
| 20:29 | Create | Scout Cavalry |
| 20:29 | Create | Scout Cavalry |
| 20:57 | Build | Castle |
| 21:08 | Create | Villager (Male) |
| 21:08 | Create | Villager (Male) |
| 21:24 | Research | Fletching |
| 21:39 | Build | House |
| 21:40 | Build | House |
| 21:42 | Build | House |
| 22:08 | Research | Scale Mail Armor |
| 22:29 | Create | Villager (Male) |
| 22:29 | Create | Villager (Male) |
| 22:34 | Build | Farm |
| 22:34 | Build | Farm |
| 22:34 | Build | Farm |
| 22:34 | Build | Farm |
| 22:34 | Build | Farm |
| 22:34 | Build | Farm |
| 22:34 | Build | Farm |
| 22:34 | Build | Farm |
| 22:34 | Build | Farm |
| 22:34 | Build | Farm |
| 22:34 | Build | Farm |
| 22:34 | Build | Farm |
| 22:34 | Build | Farm |
| 22:34 | Build | Farm |
| 22:34 | Build | Farm |
| 22:34 | Build | Farm |
| 22:34 | Build | Farm |
| 22:34 | Build | Farm |
| 22:34 | Build | Farm |
| 22:34 | Build | Farm |
| 22:34 | Build | Farm |
| 22:34 | Build | Farm |
| 22:34 | Build | Farm |
| 22:34 | Build | Farm |
| 22:34 | Build | Farm |
| 22:34 | Build | Farm |
| 22:34 | Build | Farm |
| 22:34 | Build | Farm |
| 22:34 | Build | Farm |
| 22:34 | Build | Farm |
| 22:34 | Build | Farm |
| 22:37 | Create | Shotel Warrior |
| 22:38 | Create | Shotel Warrior ×2 |
| 22:48 | Build | Market |
| 23:04 | Build | Farm |
| 23:08 | Create | Shotel Warrior |
| 23:29 | Build | Farm |
| 23:47 | Build | Farm |
| 24:00 | Build | Farm |
| 24:00 | Build | Farm |
| 24:00 | Build | Farm |
| 24:00 | Build | Farm |
| 24:00 | Build | Farm |
| 24:01 | Build | Farm |
| 24:01 | Build | Farm |
| 24:01 | Build | Farm |
| 24:01 | Build | Farm |
| 24:01 | Build | Farm |
| 24:01 | Build | Farm |
| 24:25 | Create | Shotel Warrior |
| 24:26 | Create | Shotel Warrior ×5 |
| 26:11 | Build | Barracks |
| 26:58 | Build | Siege Workshop |
| 27:29 | Create | Villager (Male) |
| 27:30 | Create | Villager (Male) |
| 27:30 | Create | Villager (Male) |
| 27:33 | Create | Shotel Warrior ×15 |
| 28:20 | Build | Farm |
| 28:20 | Build | Farm |
| 28:27 | Build | Farm |
| 28:27 | Build | Farm |
| 28:27 | Build | Farm |
| 28:27 | Build | Farm |
| 28:27 | Build | Farm |
| 28:27 | Build | Farm |
| 28:27 | Build | Farm |
| 28:27 | Build | Farm |
Build order — pikuino
108 actions detected in the replay
| 0:00 | Create | Villager (Male) |
| 0:00 | Create | Villager (Male) |
| 0:02 | Build | House |
| 0:04 | Build | House |
| 0:31 | Create | Villager (Male) |
| 0:32 | Create | Villager (Male) |
| 0:32 | Create | Villager (Male) |
| 0:32 | Create | Villager (Male) |
| 1:39 | Create | Villager (Male) |
| 2:12 | Create | Villager (Male) |
| 2:37 | Create | Villager (Male) |
| 3:19 | Build | Lumber Camp |
| 3:46 | Create | Villager (Male) |
| 3:46 | Create | Villager (Male) |
| 4:00 | Build | House |
| 4:26 | Create | Villager (Male) |
| 4:27 | Create | Villager (Male) |
| 5:15 | Create | Villager (Male) |
| 5:47 | Research | Loom |
| 6:16 | Create | Villager (Male) |
| 6:16 | Create | Villager (Male) |
| 6:16 | Create | Villager (Male) |
| 7:11 | Build | Mill |
| 7:40 | Build | Town Center |
| 7:45 | Build | House |
| 9:01 | Create | Villager (Male) |
| 9:24 | Create | Villager (Male) |
| 9:24 | Create | Villager (Male) |
| 9:25 | Create | Villager (Male) |
| 9:39 | Create | Villager (Male) |
| 10:34 | Create | Villager (Male) |
| 10:34 | Create | Villager (Male) |
| 10:35 | Create | Villager (Male) |
| 11:32 | Create | Villager (Male) |
| 11:37 | Build | House |
| 12:22 | Build | Lumber Camp |
| 12:45 | Create | Villager (Male) |
| 13:33 | Create | Villager (Male) |
| 13:36 | Create | Villager (Male) |
| 13:42 | Build | House |
| 14:26 | Create | Villager (Male) |
| 14:35 | Build | Farm |
| 14:41 | Build | Farm |
| 14:58 | Build | Farm |
| 15:02 | Build | Farm |
| 15:28 | Create | Villager (Male) |
| 15:33 | Build | Farm |
| 15:33 | Build | Farm |
| 16:18 | Build | Mill |
| 16:27 | Research | Feudal Age |
| 16:59 | Build | Barracks |
| 17:29 | Build | House |
| 17:41 | Build | Farm |
| 18:16 | Create | Villager (Male) |
| 18:16 | Create | Villager (Male) |
| 18:16 | Create | Villager (Male) |
| 18:17 | Create | Villager (Male) |
| 18:17 | Create | Villager (Male) |
| 18:38 | Research | Double-Bit Axe |
| 19:14 | Build | Stable |
| 19:39 | Build | Farm |
| 19:40 | Build | Farm |
| 19:45 | Build | Farm |
| 19:45 | Build | Farm |
| 19:59 | Build | House |
| 20:00 | Build | House |
| 20:01 | Build | House |
| 20:14 | Build | Farm |
| 20:20 | Create | Scout Cavalry |
| 20:35 | Create | Villager (Male) |
| 20:48 | Create | Villager (Male) |
| 20:48 | Create | Villager (Male) |
| 20:59 | Create | Scout Cavalry |
| 21:36 | Create | Scout Cavalry |
| 21:36 | Create | Scout Cavalry |
| 21:45 | Create | Villager (Male) |
| 21:46 | Create | Villager (Male) |
| 21:59 | Build | Mining Camp |
| 22:17 | Research | Bloodlines |
| 22:54 | Build | Mining Camp |
| 23:03 | Create | Scout Cavalry |
| 23:20 | Build | Archery Range |
| 25:10 | Create | Villager (Male) |
| 25:10 | Create | Villager (Male) |
| 25:41 | Create | Archer |
| 25:41 | Create | Archer |
| 25:42 | Create | Archer |
| 25:42 | Create | Archer |
| 25:42 | Create | Archer |
| 25:53 | Build | Blacksmith |
| 26:00 | Create | Villager (Male) |
| 26:01 | Create | Villager (Male) |
| 26:10 | Build | Lumber Camp |
| 27:06 | Create | Archer |
| 27:20 | Research | Horse Collar |
| 29:36 | Create | Villager (Male) |
| 29:36 | Create | Villager (Male) |
| 29:37 | Create | Villager (Male) |
| 30:17 | Research | Fletching |
| 30:27 | Build | Farm |
| 30:36 | Create | Villager (Male) |
| 30:37 | Create | Villager (Male) |
| 30:37 | Create | Villager (Male) |
| 30:37 | Create | Villager (Male) |
| 30:38 | Create | Villager (Male) |
| 31:00 | Create | Scout Cavalry |
| 31:01 | Create | Scout Cavalry |
| 31:01 | Create | Scout Cavalry |
Build order — Espejovsky
77 actions detected in the replay
| 0:19 | Create | Villager (Male) |
| 0:19 | Create | Villager (Male) |
| 0:20 | Create | Villager (Male) |
| 0:20 | Create | Villager (Male) |
| 0:20 | Create | Villager (Male) |
| 0:27 | Build | House |
| 0:29 | Build | House |
| 1:31 | Build | House |
| 1:34 | Build | House |
| 1:41 | Create | Villager (Male) |
| 2:53 | Create | Villager (Male) |
| 3:31 | Create | Villager (Male) |
| 3:42 | Create | Villager (Male) |
| 4:07 | Build | Mill |
| 4:27 | Create | Villager (Male) |
| 5:03 | Create | Villager (Male) |
| 5:42 | Create | Villager (Male) |
| 6:21 | Build | Barracks |
| 6:28 | Create | Villager (Male) |
| 6:29 | Create | Villager (Male) |
| 6:43 | Create | Villager (Male) |
| 8:06 | Create | Militia |
| 8:06 | Create | Militia |
| 8:06 | Create | Militia |
| 8:07 | Create | Militia |
| 9:12 | Create | Militia |
| 9:12 | Create | Militia |
| 9:12 | Create | Militia |
| 9:47 | Build | Lumber Camp |
| 10:54 | Create | Villager (Male) |
| 15:50 | Build | House |
| 16:37 | Build | Town Center |
| 17:11 | Build | House |
| 18:07 | Build | Mining Camp |
| 18:19 | Create | Villager (Male) |
| 18:19 | Create | Villager (Male) |
| 18:19 | Create | Villager (Male) |
| 18:19 | Create | Villager (Male) |
| 18:20 | Create | Villager (Male) |
| 18:20 | Create | Villager (Male) |
| 18:20 | Create | Villager (Male) |
| 18:20 | Create | Villager (Male) |
| 18:28 | Build | House |
| 20:06 | Build | Barracks |
| 20:17 | Build | House |
| 21:09 | Create | Villager (Male) |
| 21:11 | Research | Loom |
| 21:17 | Create | Militia |
| 21:17 | Create | Militia |
| 21:21 | Build | Farm |
| 21:36 | Build | House |
| 21:39 | Build | Palisade Wall |
| 21:43 | Build | Farm |
| 22:04 | Build | Palisade Wall |
| 22:21 | Build | House |
| 23:20 | Build | Farm |
| 25:02 | Create | Villager (Male) |
| 25:02 | Create | Villager (Male) |
| 25:02 | Create | Villager (Male) |
| 25:03 | Create | Villager (Male) |
| 25:06 | Create | Villager (Male) |
| 25:15 | Create | Militia |
| 25:15 | Create | Militia |
| 25:15 | Create | Militia |
| 25:44 | Build | Lumber Camp |
| 26:16 | Create | Villager (Male) |
| 26:20 | Build | Farm |
| 26:52 | Build | Farm |
| 27:47 | Build | Farm |
| 28:35 | Create | Villager (Male) |
| 28:35 | Create | Villager (Male) |
| 28:36 | Create | Villager (Male) |
| 28:36 | Create | Villager (Male) |
| 29:08 | Build | Farm |
| 29:29 | Build | Farm |
| 29:54 | Build | Farm |
| 30:22 | Build | Farm |
Match timeline
| 6:21 | Espejovsky · first_building Barracks |
| 9:59 | Nicolas Higuera · first_building Barracks |
| 10:54 | Fher8134 · first_building Barracks |
| 11:32 | Nicolas Higuera · first_building Archery Range |
| 16:24 | Fher8134 · first_building Stable |
| 16:59 | pikuino · first_building Barracks |
| 19:09 | Fher8134 · first_building Archery Range |
| 19:14 | pikuino · first_building Stable |
| 20:57 | Fher8134 · first_building Castle |
| 21:39 | Espejovsky · wall_segment Palisade Wall x1 |
| 22:04 | Espejovsky · wall_segment Palisade Wall x1 |
| 23:20 | pikuino · first_building Archery Range |
| 24:28 | Nicolas Higuera · first_building Castle |
| 26:58 | Fher8134 · first_building Siege Workshop |
| 30:00 | Nicolas Higuera · first_market_sell 100 food |
| 30:03 | Nicolas Higuera · first_market_buy 100 wood |
| 30:47 | Espejovsky · resign |
[ AI ANALYSIS · 1 CREDIT ]
What really happened in this match?
Wolo.gg analyzes every decision: build order, eco, micro, common mistakes by bracket. Personalized analysis on WhatsApp or Discord in 30 seconds.
Civ guide
Chinese
Perfil
Jugador #9469470